 Dungeon Crawl Stone Soup version 0.29.1-15-g9cfb28693d (webtiles) character file.

Game seed: 6787229179634381188

23 croobank the Sneak (level 2, 0/21 HPs)
             Began as an Octopode Delver on Apr 21, 2023.
             Succumbed to a gnoll's poison
             ... on level 4 of the Dungeon.
             The game lasted 00:01:32 (294 turns).

croobank the Sneak (Octopode Delver)                 Turns: 294, Time: 00:01:32

Health: 0/21       AC:  1    Str: 11    XL:     2   Next: 95%
Magic:  2/2        EV: 13    Int: 12    God:
Gold:   30         SH:  0    Dex: 13    Spells: 1/1 levels left

rFire   . . .      SeeInvis .   g - +1 flail (vorpal)
rCold   . . .      Faith    .   (no shield)
rNeg    . . .      Spirit   .   (helmet restricted)
rPois   .          Reflect  .   (no amulet)
rElec   .          Harm     .   (no ring)
rCorr   .          Rampage  .   (no ring)
Will    .....                   (no ring)
Stlth   ++++......              (no ring)
HPRegen 0.07/turn               (no ring)
MPRegen 0.08/turn               (no ring)
                                (no ring)
                                (no ring)

@: lethally poisoned (0 -> -3), hasted, very quick
A: almost no armour, amphibious, 8 rings, camouflage 1, gelatinous body 1,
(nimble swimmer 1), tentacles
a: no special abilities


You were on level 4 of the Dungeon.
You visited 1 branch of the dungeon, and saw 4 of its levels.

You collected 30 gold pieces.

Inventory:

Hand Weapons
 a - a +0 hand axe
 g - a +1 vorpal flail (weapon)
Missiles
 e - 2 throwing nets (quivered)
Wands
 f - a wand of digging (3)
Scrolls
 b - a scroll of fog
 c - a scroll of magic mapping
 d - a scroll of fear


   Skills:
 + Level 3.2 Fighting
 + Level 2.3 Axes
 + Level 2.3 Dodging
 + Level 6.9 Stealth


You had one spell level left.
You didn't know any spells.
Your spell library was empty.

Dungeon Overview and Level Annotations

Branches:
Dungeon (6/15)
 Temple: D:4-7

Altars:

Annotations:
D:3 Grinder


Innate Abilities, Weirdness & Mutations

You cannot wear most types of armour.
You are amphibious.
You can wear up to eight rings at the same time.
Your skin changes colour to match your surroundings (Stealth+).
Your rubbery body absorbs attacks. (AC +1, EV +1)
((You are camouflaged when in or above water. (Stealth+)))
You have tentacles for arms and can constrict up to eight enemies at once.


Message History

The gnoll is severely wounded.
You constrict the gnoll. The gnoll barely misses you.
You hit the gnoll.
The gnoll is almost dead.
You constrict the gnoll.
You kill the gnoll!
You have reached level 2!
You start resting.
A gnoll comes into view. It is wielding a +2 spear of venom.
Things that are here:
a +1 vorpal flail; 2 throwing nets; a +0 ring mail
g - a +1 vorpal flail (weapon)
You feel yourself speed up.
You hit the gnoll. You grab the gnoll.
The gnoll is moderately wounded.
You constrict the gnoll, but do no damage.
The gnoll hits you with a +2 spear of venom.
You are lethally poisoned!
You sock the gnoll!
You kill the gnoll!
* * * LOW HITPOINT WARNING * * *
You feel sick.
* * * LOW HITPOINT WARNING * * *
You feel sick.
You see here a +2 spear of venom.
You aren't carrying any potions.
Unknown command.
Okay, then.
* * * LOW HITPOINT WARNING * * *
You feel sick.
Things that are here:
2 throwing nets; a +0 ring mail
e - 2 throwing nets
* * * LOW HITPOINT WARNING * * *
You feel sick.
* * * LOW HITPOINT WARNING * * *
You feel sick.
* * * LOW HITPOINT WARNING * * *
You feel sick.
You die...

#.# #.# #<##
#..###.####
#.[).......
#######.######.##
####.......#
#..........#
#.##.####.@#
#.##.# #..#
#.##.# #..#
#.##.# #...
#.#.#.# #..##
#..###.##..#
#.#.# ###...
#.##.# #..#
#.##.####.


There were no monsters in sight!

Vanquished Creatures
  2 gnolls (D:4)
  2 jackals (D:4)
  A ball python (D:4)
5 creatures vanquished.

Notes
Turn   | Place    | Note
-------+----------+-------------------------------------------
     0 | D:5      | croobank the Octopode Delver began the quest for the Orb.
     0 | D:5      | Reached XP level 1. HP: 16/16 MP: 1/1
    13 | D:6      | Noticed a water moccasin
    44 | D:5      | Noticed an iguana
   256 | D:3      | Noticed Grinder
   268 | D:4      | Reached XP level 2. HP: 11/21 MP: 2/2
   293 | D:4      | HP: 1/21 [poisoned by a gnoll]
   294 | D:4      | Succumbed to a gnoll's poison

Illustrated notes

Levels and vault maps discovered:
D:3:      layout_rooms, kennysheep_boxes, uniq_grinder
D:4:      layout_loops_ring, general_overflow_altar
D:5:      cheibrodos_barr_body, layout_cave_pods, minmay_temple_entry_fiery
D:6:      layout_loops_ring, mainiacjoe_overflow_24_doors,
          nicolae_shop_sticking_my_neck_out

Action                   || total
-------------------------++-------
Melee: Hand axe          ||    11
       Constrict         ||     4
       Tentacles         ||     3
       Flail             ||     2
  Use: Potion            ||     1
Armor: Skin              ||     2
Dodge: Dodged            ||    15
